 Dungeon Crawl Stone Soup version 0.22.1-2-g9c5b331 (webtiles) character file.

811 WarriorsX the Chopper (level 8, 0/61 HPs)
             Began as a Human Berserker on Dec 15, 2018.
             Was a Priest of Trog.
             Killed from afar by a white imp (8 damage)
             ... with a puff of frost
             ... summoned by Natasha
             ... on level 4 of the Dungeon.
             The game lasted 00:10:31 (3039 turns).

WarriorsX the Chopper (Human Berserker)             Turns: 3039, Time: 00:10:32

Health: 0/61       AC:  8    Str: 19    XL:     8   Next: 15%
Magic:  8/8        EV: 17    Int: 14    God:    Trog [***...]
Gold:   160        SH:  0    Dex: 17    Spells: 7/7 levels left

rFire    . . .     SeeInvis .   g - +0 war axe
rCold    . . .     Gourm    .   (no shield)
rNeg     . . .     Faith    .   m - +0 scale mail
rPois    .         Spirit   .   p - +0 helmet
rElec    .         Reflect  .   (no cloak)
rCorr    .         Harm     .   (no gloves)
MR       .....                  (no boots)
Stlth    +.........             (no amulet)
HPRegen  0.20/turn              (no ring)
MPRegen  0.11/turn              (no ring)

@: brilliant, agile, berserk cooldown, starving, slowed, very slow
A: no striking features
a: Berserk, Trog's Hand, Renounce Religion


You were on level 4 of the Dungeon.
You worshipped Trog.
Trog was most pleased with you.
You were starving.

You visited 1 branch of the dungeon, and saw 4 of its levels.
You also visited: Sewer.

You collected 160 gold pieces.

Inventory:

Hand Weapons
 a - a +0 hand axe
 g - a +0 war axe (weapon)
Armour
 m - a +0 scale mail (worn)
 p - a +0 helmet (worn)
Scrolls
 d - a scroll of identify
 h - 4 scrolls of remove curse {unknown}
 j - 2 scrolls of immolation {unknown}
 k - 2 scrolls of teleportation {unknown}
 l - 3 scrolls of noise {unknown}
 q - a scroll of enchant weapon {unknown}
 u - a scroll of fear {unknown}
Potions
 b - 2 potions of agility
 n - 4 potions of might {unknown}
 o - a potion of ambrosia {unknown}
 r - 4 potions of curing {unknown}
 s - 3 potions of flight {unknown}
 t - a potion of degeneration {unknown}
Comestibles
 c - 7 rations


   Skills:
 + Level 4.3 Fighting
 + Level 5.8 Axes
 * Level 5.2 Armour
 * Level 4.1 Dodging


You had 7 spell levels left.
You didn't know any spells.
Your spell library was empty.

Dungeon Overview and Level Annotations

Branches:
Dungeon (4/15)
 Temple: D:4-7

Altars:
Cheibriados
Nemelex Xobeh
Zin

Annotations:
D:4 Natasha


Message History

You kill the orc!
Trog accepts your kill. Something appears at your feet!
Trog grants you ammunition! The white imp hits you.
* * * LOW HITPOINT WARNING * * *
The white imp freezes you.
* * * LOW HITPOINT WARNING * * *
You barely miss the white imp. The white imp misses you.
The white imp hits you but does no damage.
It was a potion of brilliance.
You feel clever all of a sudden.
The shadow imp disappears in a puff of smoke!
The white imp hits you.
* * * LOW HITPOINT WARNING * * *
The white imp freezes you.
* * * LOW HITPOINT WARNING * * *
Natasha casts a spell.
The white imp gestures at you. The puff of frost hits you!
You die...

#o#. #)# #.##.#.## #
o.#. #h#####.##.#.#
#...o..o.....#
#######.##.#######..
........##..........
##########5#######..
#h# #5# ### #### ###
#@# #.# #..# #.###
#.# #.# #.## ##...
#########.# #.#
#..###.###
#.........# #.#
#.#.#.## #†#########
#.###.##.## #.#
#.#...##.# #.#
#.#)####.# #.#
#..#.###.# #.#
#.###..[.#


You could see Natasha, a crimson imp and a white imp.

Vanquished Creatures
  Sigmund (D:4)
  An orc warrior (D:4)
  3 big kobolds (Sewer)
  4 orc wizards
  A hound (D:4)
  Natasha (D:4)
  6 adders
  2 oozes (Sewer)
  A worm (D:3)
  4 leopard geckos
  13 orcs
  A ball python (Sewer)
  11 bats
  2 bat zombies (D:4)
  6 giant cockroaches
  6 goblins
  A hobgoblin (D:3)
  3 jackals (D:4)
  4 quokkas
  10 frilled lizards
  20 kobolds
  12 rats
113 creatures vanquished.

Notes
Turn   | Place    | Note
-------+----------+-------------------------------------------
     0 | D:1      | WarriorsX the Human Berserker began the quest for the Orb.
     0 | D:1      | Reached XP level 1. HP: 18/18 MP: 1/1
   189 | D:1      | Reached XP level 2. HP: 18/24 MP: 2/2
   573 | D:2      | Reached XP level 3. HP: 22/29 MP: 3/3
   964 | D:2      | Reached ** piety under Trog
  1150 | D:2      | Reached XP level 4. HP: 25/35 MP: 4/4
  1425 | D:2      | Found a sparkling altar of Nemelex Xobeh.
  1713 | D:3      | Reached XP level 5. HP: 29/42 MP: 5/5
  1726 | D:3      | Reached *** piety under Trog
  1883 | D:3      | Found a glowing drain.
  1905 | Sewer    | Entered a sewer
  2059 | Sewer    | Noticed a big kobold
  2059 | Sewer    | Noticed a big kobold
  2059 | Sewer    | Noticed a big kobold
  2070 | Sewer    | Killed a big kobold
  2070 | Sewer    | Reached XP level 6. HP: 29/48 MP: 6/6
  2085 | Sewer    | Reached skill level 5 in Axes
  2085 | Sewer    | Reached XP level 7. HP: 28/54 MP: 7/7
  2290 | D:3      | Found a glowing silver altar of Zin.
  2396 | D:3      | Found a snail-covered altar of Cheibriados.
  2894 | D:4      | Noticed Natasha
  2901 | D:4      | Killed Natasha
  2980 | D:4      | Noticed Sigmund
  2984 | D:4      | Noticed Natasha
  3032 | D:4      | Killed Sigmund
  3032 | D:4      | Reached skill level 5 in Armour
  3032 | D:4      | Reached XP level 8. HP: 31/61 MP: 8/8
  3036 | D:4      | Received a gift from Trog
  3039 | D:4      | Killed from afar by a white imp

Skill      XL: |  1  2  3  4  5  6  7 |
---------------+----------------------+-----
Axes           | 4 5 |  5.8
Armour         | 3 5 |  5.2
Dodging        | 3 4 |  4.1
Fighting       | 4 |  4.3

Action                   |  1- 3 |  4- 6 |  7- 9 || total
-------------------------+-------+-------+-------++-------
Melee: Hand axe          |   131 |   114 |       ||   245
       War axe           |       |    49 |   126 ||   175
Invok: Berserk           |       |     1 |     1 ||     2
       Trog's Hand       |       |     2 |     6 ||     8
  Use: Scroll            |       |     2 |       ||     2
       Potion            |       |     1 |     4 ||     5
  Eat: Chunk             |     1 |     5 |     4 ||    10
Armor: Animal skin       |    10 |       |       ||    10
       Scale mail        |    51 |    88 |    60 ||   199
       Skin              |       |    27 |       ||    27
Dodge: Dodged            |    86 |   100 |    72 ||   258
